 Dungeon Crawl Stone Soup version 0.28.0 (webtiles) character file.

Game seed: 18415113271864002728

29 crazypyro the Skirmisher (level 3, -5/37 HPs)
             Began as an Ogre Wanderer on Feb 16, 2022.
             Slain by Sigmund (10 damage)
             ... on level 2 of the Dungeon.
             The game lasted 00:01:22 (1359 turns).

crazypyro the Skirmisher (Ogre Wanderer)            Turns: 1359, Time: 00:01:23

Health: -5/37      AC:  3    Str: 19    XL:     3   Next: 16%
Magic:  4/4        EV: 10    Int: 11    God:
Gold:   53         SH:  0    Dex:  9    Spells: 2/2 levels left

rFire   . . .      SeeInvis .   a - +3 short sword
rCold   . . .      Faith    .   (no shield)
rNeg    . . .      Spirit   .   c - +0 robe
rPois   .          Reflect  .   (helmet restricted)
rElec   .          Harm     .   (no cloak)
rCorr   .          Rampage  .   (gloves unavailable)
Will    .....                   (boots unavailable)
Stlth   +.........              (no amulet)
HPRegen 0.12/turn               (no ring)
MPRegen 0.09/turn               (no ring)

@: no status effects
A: large, unfitting armour, tough skin 1
a: no special abilities


You were on level 2 of the Dungeon.
You visited 1 branch of the dungeon, and saw 2 of its levels.

You collected 53 gold pieces.

Inventory:

Hand Weapons
 a - a +3 short sword (weapon)
Missiles
 e - 2 throwing nets (quivered)
Armour
 c - a +0 robe (worn)
Scrolls
 b - a scroll of silence
 d - a scroll of holy word {unknown}
 f - a scroll of blinking {unknown}
 g - a scroll of amnesia {unknown}


   Skills:
 + Level 3.1 Fighting
 - Level 1.7 Short Blades
 * Level 1.3 Maces & Flails
 + Level 3.1 Dodging
 + Level 1.3 Stealth
 + Level 1.3 Invocations


You had 2 spell levels left.
You didn't know any spells.
Your spell library was empty.

Dungeon Overview and Level Annotations

Branches:
Dungeon (2/15)

Altars:

Annotations:
D:2 Sigmund


Innate Abilities, Weirdness & Mutations

You are too large for most types of armour.
You have tough skin. (AC +1)


Message History

You closely miss Sigmund.
Sigmund is moderately wounded.
Sigmund misses you.
You barely miss Sigmund.
Sigmund is moderately wounded.
Sigmund closely misses you.
You hit Sigmund.
Sigmund is heavily wounded.
You hit Sigmund.
Sigmund is heavily wounded.
Sigmund barely misses you.
You hit Sigmund.
Sigmund is severely wounded.
Sigmund casts a spell at you.
You are confused.
Sigmund barely misses you.
You bump into the rock wall.
You bump into the rock wall.
Sigmund gestures at you while chanting. You resist with some effort.
You're too confused to move!
Sigmund hits you from afar with a +0 scythe!
You bump into the rock wall.
You feel less confused.
Sigmund hits you from afar with a +0 scythe.
* * * LOW HITPOINT WARNING * * *
You barely miss Sigmund.
Sigmund is severely wounded.
Sigmund hits you with a +0 scythe.
* * * LOW HITPOINT WARNING * * *
You hit Sigmund but do no damage.
Sigmund is severely wounded.
Sigmund hits you with a +0 scythe.
* * * LOW HITPOINT WARNING * * *
You hit Sigmund.
Sigmund is almost dead.
You hit Sigmund but do no damage.
Sigmund is almost dead.
Sigmund hits you with a +0 scythe!
You die...

#.#.# #.# #.#.#
#.#
#.#.########.#####
#............#...#
###............#
##########.#.#
#)#.# #.#.######
#.@@......
#.#.###### #.#.#
#.#.# #.... #.###
#.. #.#


You could see Sigmund.

Vanquished Creatures
  An orc (D:2)
  2 endoplasms
  7 goblins
  5 hobgoblins
  3 ball pythons
  3 bats (D:1)
  A frilled lizard (D:1)
  4 rats (D:1)
26 creatures vanquished.

Notes
Turn   | Place    | Note
-------+----------+-------------------------------------------
     0 | D:1      | crazypyro the Ogre Wanderer began the quest for the Orb.
     0 | D:1      | crazypyro set off with the following items: a +3 short
                  | sword, a scroll of silence, a +0 robe
     0 | D:1      | Reached XP level 1. HP: 22/22 MP: 1/1
   195 | D:1      | Reached XP level 2. HP: 21/29 MP: 2/2
   380 | D:1      | Reached skill level 1 in Maces & Flails
   537 | D:1      | Found a faded altar of an unknown god.
  1171 | D:2      | Reached XP level 3. HP: 33/37 MP: 3/3
  1329 | D:2      | Noticed Sigmund
  1359 | D:2      | Slain by Sigmund

Illustrated notes

Levels and vault maps discovered:
D:1:      dpeg_arrival_rooms_c, layout_basic,
          dreamdust_ecumenical_altar_angels_and_demons, hangedman_decor_push
D:2:      layout_loops_ring, serial_shops, nicolae_lakefront_shop, basic_altar,
          kennysheep_pointless_box, kennysheep_generic_room_14, uniq_sigmund,
          uniq_jessica

Skill      XL: |  1  2 |
---------------+-------+-----
Dodging        | 3 |  3.1
Fighting       | 3 |  3.1
Maces & Flails | 1 |  1.3
Short Blades   | |  1.7
Stealth        | |  1.3
Invocations    | |  1.3

Action                   || total
-------------------------++-------
Melee: Short sword       ||    66
 Stab: Sleeping          ||     1
Armor: Robe              ||    18
Dodge: Dodged            ||    33
